 Dungeon Crawl Stone Soup version 0.31.0-12-g77e489cdc1 (webtiles) character file.

Game seed: 14752942537935714009

13 Dvallin the Ruffian (level 2, 0/25 HPs)
             Began as a Naga Shapeshifter on Feb 29, 2024.
             Slain by a ribbon worm (3 damage)
             ... on level 2 of the Dungeon.
             The game lasted 00:03:04 (697 turns).

Dvallin the Ruffian (Naga Shapeshifter)              Turns: 697, Time: 00:03:05

Health: 0/25       AC:  1    Str: 16    XL:     2   Next: 37%
Magic:  2/2        EV:  9    Int: 10    God:
Gold:   38         SH:  5    Dex: 10    Spells: 1/1 levels left

rFire   . .          .
                       - Unarmed
rCold   . . .        i - +2 buckler
rNeg    . . .        a - +0 animal skin
rPois   +            (helmet currently unavailable)
rElec   .            (cloak currently unavailable)
rCorr   .            (gloves currently unavailable)
SInv    +            (no barding)
Will    .....        (no amulet)
Stlth   ++           (no ring)
HPRegen 0.24/turn    (no ring)
MPRegen 0.08/turn

%: no passive effects
@: beast-form, very slow
A: beast (slay +1), AC +0, large, see invisible, deformed body, poison
resistance, slowness 2, spit poison 1, naga tail 1
a: Spit Poison, Begin Untransformation


You were on level 2 of the Dungeon.
You were a hulking beast.
You visited 1 branch of the dungeon, and saw 2 of its levels.

You collected 38 gold pieces.

Inventory:

Armour
 a - a +0 animal skin (worn)
 i - a +2 buckler (worn)
Talismans
 c - a beast talisman
 d - a flux talisman
Scrolls
 e - 2 scrolls of blinking {unknown}
 g - a scroll of poison {unknown}
 h - a scroll of acquirement {unknown}
 k - a scroll of vulnerability {unknown}
Potions
 b - a potion of lignification
 f - a potion of heal wounds {unknown}
 j - 2 potions of attraction {unknown}
 l - a potion of brilliance {unknown}


   Skills:
 - Level 1.0 Fighting
 - Level 1.5 Dodging
 + Level 1.7 Stealth
 * Level 3.5 Unarmed Combat
 - Level 3.0 Shapeshifting


You had one spell level left.
You didn't know any spells.
Your spell library was empty.

Dungeon Overview and Level Annotations

Branches:
Dungeon (2/15)

Altars:


Innate Abilities, Weirdness & Mutations

You are a hulking beast.
Your limbs bulge with bestial killing power. (Slay +1)
Your serpentine skin is tough. (AC +0)
You have supernaturally acute eyesight. (SInv)
Armour fits poorly on your strangely shaped body.
Your system is resistant to poisons. (rPois)
You cover ground very slowly.
You can spit poison.
You have a snake-like lower body.


Message History

There is a stone staircase leading down here.
You climb downwards.
The kobold shouts!
You hear a shout!
Found a runed short sword and a blue potion.
There is a stone staircase leading up here.
There are monsters nearby!
The kobold throws a stone.
The stone hits you.
The ribbon worm expels a string of sticky webbing.
The stream of webbing misses you.
The kobold throws a stone.
The stone hits you.
The kobold throws a stone.
You block the stone. The ribbon worm barely misses you.
You barely miss the ribbon worm.
The kobold throws a stone.
The stone closely misses you. The ribbon worm bites you!
You hit the ribbon worm.
The ribbon worm is lightly wounded.
The kobold throws a stone.
You block the stone. You block the ribbon worm's attack.
You hit the ribbon worm but do no damage.
You hit the ribbon worm.
The ribbon worm is moderately wounded.
The ribbon worm bites you.
The kobold throws a stone.
The stone closely misses you.
You punch the ribbon worm!
The ribbon worm is severely wounded.
The ribbon worm barely misses you.
You hit the ribbon worm.
The ribbon worm is severely wounded.
The ribbon worm bites you!
* * * LOW HITPOINT WARNING * * *
You hit the ribbon worm but do no damage.
The ribbon worm is heavily wounded.
The ribbon worm expels a string of sticky webbing.
The stream of webbing hits you but does no damage.
You are caught in a web!
The web tears apart.
You hit the ribbon worm.
The ribbon worm is severely wounded.
The ribbon worm bites you.
You die...

#####
#!..#
#..w#
#..h#
#...#
#..K#
#...####
#.<....#
#...##.#
....## #
#.)...#
#......


You could see a ribbon worm (catching breath) and a kobold.

Vanquished Creatures
  2 bats (D:1)
  2 endoplasms (D:1)
  A giant cockroach (D:1)
  A goblin (D:1)
  2 hobgoblins (D:1)
  A ball python (D:1)
  2 kobolds (D:1)
  A rat (D:1)
12 creatures vanquished.

Notes
Turn   | Place    | Note
-------+----------+-------------------------------------------
     0 | D:1      | Dvallin the Naga Shapeshifter began the quest for the Orb.
     0 | D:1      | Reached XP level 1. HP: 18/18 MP: 1/1
   148 | D:1      | Reached skill level 1 in Stealth
   210 | D:1      | Reached XP level 2. HP: 25/25 MP: 2/2
   697 | D:2      | Slain by a ribbon worm

Illustrated notes

Levels and vault maps discovered:
D:1:      onia_arrival_pyramid, layout_loops_ring
D:2:      layout_basic

Skill      XL: |  1 |
---------------+----+-----
Stealth        | 1 |  1.7
Fighting       | |  1.0
Dodging        | |  1.5
Unarmed Combat | |  3.5
Shapeshifting  | |  3.0

Action                     || total
---------------------------++-------
  Melee: Unarmed           ||    17
Ability: Spit Poison       ||    10
 Armour: Animal skin       ||    12
  Dodge: Dodged            ||     9
  Block: Buckler           ||     3
